%YAML 1.1
%TAG !u! tag:unity3d.com,2011:
--- !u!65 &35675044489171383
BoxCollider:
  m_ObjectHideFlags: 0
  m_CorrespondingSourceObject: {fileID: 0}
  m_PrefabInstance: {fileID: 0}
  m_PrefabAsset: {fileID: 0}
  m_GameObject: {fileID: 526358822316677538}
  m_Material: {fileID: 0}
  m_IsTrigger: 0
  m_Enabled: 1
  serializedVersion: 2
  m_Size: {x: 1.457112, y: 14.883695, z: 7.3957024}
  m_Center: {x: -1.2034013, y: 7.4418473, z: -0.33919716}
--- !u!65 &1763304185960213724
BoxCollider:
  m_ObjectHideFlags: 0
  m_CorrespondingSourceObject: {fileID: 0}
  m_PrefabInstance: {fileID: 0}
  m_PrefabAsset: {fileID: 0}
  m_GameObject: {fileID: 526358822316677538}
  m_Material: {fileID: 0}
  m_IsTrigger: 0
  m_Enabled: 1
  serializedVersion: 2
  m_Size: {x: 1.6147271, y: 14.883695, z: 8.9375}
  m_Center: {x: -2.7588987, y: 7.4418473, z: -0.000002861023}
--- !u!65 &5667188762044488675
BoxCollider:
  m_ObjectHideFlags: 0
  m_CorrespondingSourceObject: {fileID: 0}
  m_PrefabInstance: {fileID: 0}
  m_PrefabAsset: {fileID: 0}
  m_GameObject: {fileID: 526358822316677538}
  m_Material: {fileID: 0}
  m_IsTrigger: 0
  m_Enabled: 1
  serializedVersion: 2
  m_Size: {x: 3.3411188, y: 14.883695, z: 3.665073}
  m_Center: {x: 1.2015154, y: 7.4418473, z: 0.25062346}
--- !u!65 &6219339322260824384
BoxCollider:
  m_ObjectHideFlags: 0
  m_CorrespondingSourceObject: {fileID: 0}
  m_PrefabInstance: {fileID: 0}
  m_PrefabAsset: {fileID: 0}
  m_GameObject: {fileID: 526358822316677538}
  m_Material: {fileID: 0}
  m_IsTrigger: 0
  m_Enabled: 1
  serializedVersion: 2
  m_Size: {x: 1.9107473, y: 15.361299, z: 0.91934776}
  m_Center: {x: 0.4862442, y: 7.6806493, z: -2.043539}
--- !u!65 &6432957284799398951
BoxCollider:
  m_ObjectHideFlags: 0
  m_CorrespondingSourceObject: {fileID: 0}
  m_PrefabInstance: {fileID: 0}
  m_PrefabAsset: {fileID: 0}
  m_GameObject: {fileID: 526358822316677538}
  m_Material: {fileID: 0}
  m_IsTrigger: 0
  m_Enabled: 1
  serializedVersion: 2
  m_Size: {x: 0.7130308, y: 14.883695, z: 2.539239}
  m_Center: {x: 3.2273636, y: 7.4418473, z: -0.34089607}
--- !u!65 &7670104269857215911
BoxCollider:
  m_ObjectHideFlags: 0
  m_CorrespondingSourceObject: {fileID: 0}
  m_PrefabInstance: {fileID: 0}
  m_PrefabAsset: {fileID: 0}
  m_GameObject: {fileID: 526358822316677538}
  m_Material: {fileID: 0}
  m_IsTrigger: 0
  m_Enabled: 1
  serializedVersion: 2
  m_Size: {x: 2.0276787, y: 15.361299, z: 1.2174548}
  m_Center: {x: 0.5447098, y: 7.6806493, z: 2.2396407}
--- !u!65 &1355361519899777924
BoxCollider:
  m_ObjectHideFlags: 0
  m_CorrespondingSourceObject: {fileID: 0}
  m_PrefabInstance: {fileID: 0}
  m_PrefabAsset: {fileID: 0}
  m_GameObject: {fileID: 4368771584574836887}
  m_Material: {fileID: 0}
  m_IsTrigger: 0
  m_Enabled: 1
  serializedVersion: 2
  m_Size: {x: 2.0276787, y: 15.361299, z: 1.2174548}
  m_Center: {x: 0.5447098, y: 7.6806493, z: 2.2396407}
--- !u!65 &1472463201364876723
BoxCollider:
  m_ObjectHideFlags: 0
  m_CorrespondingSourceObject: {fileID: 0}
  m_PrefabInstance: {fileID: 0}
  m_PrefabAsset: {fileID: 0}
  m_GameObject: {fileID: 4368771584574836887}
  m_Material: {fileID: 0}
  m_IsTrigger: 0
  m_Enabled: 1
  serializedVersion: 2
  m_Size: {x: 1.457112, y: 14.883695, z: 7.3957024}
  m_Center: {x: -1.2034013, y: 7.4418473, z: -0.33919716}
--- !u!65 &2838652339070371199
BoxCollider:
  m_ObjectHideFlags: 0
  m_CorrespondingSourceObject: {fileID: 0}
  m_PrefabInstance: {fileID: 0}
  m_PrefabAsset: {fileID: 0}
  m_GameObject: {fileID: 4368771584574836887}
  m_Material: {fileID: 0}
  m_IsTrigger: 0
  m_Enabled: 1
  serializedVersion: 2
  m_Size: {x: 3.3411188, y: 14.883695, z: 3.665073}
  m_Center: {x: 1.2015154, y: 7.4418473, z: 0.25062346}
--- !u!65 &3781882788983094614
BoxCollider:
  m_ObjectHideFlags: 0
  m_CorrespondingSourceObject: {fileID: 0}
  m_PrefabInstance: {fileID: 0}
  m_PrefabAsset: {fileID: 0}
  m_GameObject: {fileID: 4368771584574836887}
  m_Material: {fileID: 0}
  m_IsTrigger: 0
  m_Enabled: 1
  serializedVersion: 2
  m_Size: {x: 1.9107473, y: 15.361299, z: 0.91934776}
  m_Center: {x: 0.4862442, y: 7.6806493, z: -2.043539}
--- !u!65 &6518514109175376243
BoxCollider:
  m_ObjectHideFlags: 0
  m_CorrespondingSourceObject: {fileID: 0}
  m_PrefabInstance: {fileID: 0}
  m_PrefabAsset: {fileID: 0}
  m_GameObject: {fileID: 4368771584574836887}
  m_Material: {fileID: 0}
  m_IsTrigger: 0
  m_Enabled: 1
  serializedVersion: 2
  m_Size: {x: 0.7130308, y: 14.883695, z: 2.539239}
  m_Center: {x: 3.2273636, y: 7.4418473, z: -0.34089607}
--- !u!65 &8235124013387915602
BoxCollider:
  m_ObjectHideFlags: 0
  m_CorrespondingSourceObject: {fileID: 0}
  m_PrefabInstance: {fileID: 0}
  m_PrefabAsset: {fileID: 0}
  m_GameObject: {fileID: 4368771584574836887}
  m_Material: {fileID: 0}
  m_IsTrigger: 0
  m_Enabled: 1
  serializedVersion: 2
  m_Size: {x: 1.6147271, y: 14.883695, z: 8.9375}
  m_Center: {x: -2.7588987, y: 7.4418473, z: -0.000002861023}
--- !u!1 &8964246049420751234
GameObject:
  m_ObjectHideFlags: 0
  m_CorrespondingSourceObject: {fileID: 0}
  m_PrefabInstance: {fileID: 0}
  m_PrefabAsset: {fileID: 0}
  serializedVersion: 6
  m_Component:
  - component: {fileID: 8964246049420751235}
  m_Layer: 9
  m_Name: BlinkBridge1
  m_TagString: Untagged
  m_Icon: {fileID: 0}
  m_NavMeshLayer: 0
  m_StaticEditorFlags: 0
  m_IsActive: 1
--- !u!4 &8964246049420751235
Transform:
  m_ObjectHideFlags: 0
  m_CorrespondingSourceObject: {fileID: 0}
  m_PrefabInstance: {fileID: 0}
  m_PrefabAsset: {fileID: 0}
  m_GameObject: {fileID: 8964246049420751234}
  m_LocalRotation: {x: -0, y: -0, z: -0, w: 1}
  m_LocalPosition: {x: 16, y: 0.5, z: -48}
  m_LocalScale: {x: 1, y: 1, z: 1}
  m_Children:
  - {fileID: 743445512263262125}
  - {fileID: 3584796937233897112}
  - {fileID: 4993100753800358301}
  m_Father: {fileID: 0}
  m_RootOrder: 0
  m_LocalEulerAnglesHint: {x: 0, y: 0, z: 0}
--- !u!1001 &4119783104123328542
PrefabInstance:
  m_ObjectHideFlags: 0
  serializedVersion: 2
  m_Modification:
    m_TransformParent: {fileID: 8964246049420751235}
    m_Modifications:
    - target: {fileID: 8964246049420751234, guid: 176e62c5294008a4c96503239984b7c4,
        type: 3}
      propertyPath: m_Name
      value: Breakable Platform
      objectReference: {fileID: 0}
    - target: {fileID: 8964246049420751234, guid: 176e62c5294008a4c96503239984b7c4,
        type: 3}
      propertyPath: m_StaticEditorFlags
      value: 0
      objectReference: {fileID: 0}
    - target: {fileID: 8964246049420751235, guid: 176e62c5294008a4c96503239984b7c4,
        type: 3}
      propertyPath: m_LocalPosition.x
      value: -0.00000071526
      objectReference: {fileID: 0}
    - target: {fileID: 8964246049420751235, guid: 176e62c5294008a4c96503239984b7c4,
        type: 3}
      propertyPath: m_LocalPosition.y
      value: 0
      objectReference: {fileID: 0}
    - target: {fileID: 8964246049420751235, guid: 176e62c5294008a4c96503239984b7c4,
        type: 3}
      propertyPath: m_LocalPosition.z
      value: 0.0000013113
      objectReference: {fileID: 0}
    - target: {fileID: 8964246049420751235, guid: 176e62c5294008a4c96503239984b7c4,
        type: 3}
      propertyPath: m_LocalRotation.x
      value: -0
      objectReference: {fileID: 0}
    - target: {fileID: 8964246049420751235, guid: 176e62c5294008a4c96503239984b7c4,
        type: 3}
      propertyPath: m_LocalRotation.y
      value: -0
      objectReference: {fileID: 0}
    - target: {fileID: 8964246049420751235, guid: 176e62c5294008a4c96503239984b7c4,
        type: 3}
      propertyPath: m_LocalRotation.z
      value: -0
      objectReference: {fileID: 0}
    - target: {fileID: 8964246049420751235, guid: 176e62c5294008a4c96503239984b7c4,
        type: 3}
      propertyPath: m_LocalRotation.w
      value: 1
      objectReference: {fileID: 0}
    - target: {fileID: 8964246049420751235, guid: 176e62c5294008a4c96503239984b7c4,
        type: 3}
      propertyPath: m_RootOrder
      value: 2
      objectReference: {fileID: 0}
    - target: {fileID: 8964246049420751235, guid: 176e62c5294008a4c96503239984b7c4,
        type: 3}
      propertyPath: m_LocalEulerAnglesHint.x
      value: 0
      objectReference: {fileID: 0}
    - target: {fileID: 8964246049420751235, guid: 176e62c5294008a4c96503239984b7c4,
        type: 3}
      propertyPath: m_LocalEulerAnglesHint.y
      value: 0
      objectReference: {fileID: 0}
    - target: {fileID: 8964246049420751235, guid: 176e62c5294008a4c96503239984b7c4,
        type: 3}
      propertyPath: m_LocalEulerAnglesHint.z
      value: 0
      objectReference: {fileID: 0}
    m_RemovedComponents: []
  m_SourcePrefab: {fileID: 100100000, guid: 176e62c5294008a4c96503239984b7c4, type: 3}
--- !u!4 &4993100753800358301 stripped
Transform:
  m_CorrespondingSourceObject: {fileID: 8964246049420751235, guid: 176e62c5294008a4c96503239984b7c4,
    type: 3}
  m_PrefabInstance: {fileID: 4119783104123328542}
  m_PrefabAsset: {fileID: 0}
--- !u!1001 &5704806252317963447
PrefabInstance:
  m_ObjectHideFlags: 0
  serializedVersion: 2
  m_Modification:
    m_TransformParent: {fileID: 8964246049420751235}
    m_Modifications:
    - target: {fileID: -4216859302048453862, guid: 21670da266ebd8948906e3f8b5144d63,
        type: 3}
      propertyPath: m_LocalPosition.x
      value: -20.14
      objectReference: {fileID: 0}
    - target: {fileID: -4216859302048453862, guid: 21670da266ebd8948906e3f8b5144d63,
        type: 3}
      propertyPath: m_LocalPosition.y
      value: -0.37918997
      objectReference: {fileID: 0}
    - target: {fileID: -4216859302048453862, guid: 21670da266ebd8948906e3f8b5144d63,
        type: 3}
      propertyPath: m_LocalPosition.z
      value: 43.531
      objectReference: {fileID: 0}
    - target: {fileID: -4216859302048453862, guid: 21670da266ebd8948906e3f8b5144d63,
        type: 3}
      propertyPath: m_LocalRotation.x
      value: -0
      objectReference: {fileID: 0}
    - target: {fileID: -4216859302048453862, guid: 21670da266ebd8948906e3f8b5144d63,
        type: 3}
      propertyPath: m_LocalRotation.y
      value: 0.0000010430812
      objectReference: {fileID: 0}
    - target: {fileID: -4216859302048453862, guid: 21670da266ebd8948906e3f8b5144d63,
        type: 3}
      propertyPath: m_LocalRotation.z
      value: -0
      objectReference: {fileID: 0}
    - target: {fileID: -4216859302048453862, guid: 21670da266ebd8948906e3f8b5144d63,
        type: 3}
      propertyPath: m_LocalRotation.w
      value: 1
      objectReference: {fileID: 0}
    - target: {fileID: -4216859302048453862, guid: 21670da266ebd8948906e3f8b5144d63,
        type: 3}
      propertyPath: m_RootOrder
      value: 0
      objectReference: {fileID: 0}
    - target: {fileID: -4216859302048453862, guid: 21670da266ebd8948906e3f8b5144d63,
        type: 3}
      propertyPath: m_LocalEulerAnglesHint.x
      value: 0
      objectReference: {fileID: 0}
    - target: {fileID: -4216859302048453862, guid: 21670da266ebd8948906e3f8b5144d63,
        type: 3}
      propertyPath: m_LocalEulerAnglesHint.y
      value: 0
      objectReference: {fileID: 0}
    - target: {fileID: -4216859302048453862, guid: 21670da266ebd8948906e3f8b5144d63,
        type: 3}
      propertyPath: m_LocalEulerAnglesHint.z
      value: 0
      objectReference: {fileID: 0}
    - target: {fileID: -927199367670048503, guid: 21670da266ebd8948906e3f8b5144d63,
        type: 3}
      propertyPath: m_Name
      value: BlinkBridge1A
      objectReference: {fileID: 0}
    - target: {fileID: -927199367670048503, guid: 21670da266ebd8948906e3f8b5144d63,
        type: 3}
      propertyPath: m_StaticEditorFlags
      value: 4294967295
      objectReference: {fileID: 0}
    - target: {fileID: -927199367670048503, guid: 21670da266ebd8948906e3f8b5144d63,
        type: 3}
      propertyPath: m_Layer
      value: 9
      objectReference: {fileID: 0}
    - target: {fileID: 5216729128493051157, guid: 21670da266ebd8948906e3f8b5144d63,
        type: 3}
      propertyPath: m_StaticEditorFlags
      value: 4294967295
      objectReference: {fileID: 0}
    - target: {fileID: 5216729128493051157, guid: 21670da266ebd8948906e3f8b5144d63,
        type: 3}
      propertyPath: m_Layer
      value: 9
      objectReference: {fileID: 0}
    - target: {fileID: 7627637263819453308, guid: 21670da266ebd8948906e3f8b5144d63,
        type: 3}
      propertyPath: m_Materials.Array.data[0]
      value: 
      objectReference: {fileID: 2100000, guid: 540cf925bde71c94b8a331eac3ed5775, type: 2}
    m_RemovedComponents: []
  m_SourcePrefab: {fileID: 100100000, guid: 21670da266ebd8948906e3f8b5144d63, type: 3}
--- !u!4 &743445512263262125 stripped
Transform:
  m_CorrespondingSourceObject: {fileID: -4216859302048453862, guid: 21670da266ebd8948906e3f8b5144d63,
    type: 3}
  m_PrefabInstance: {fileID: 5704806252317963447}
  m_PrefabAsset: {fileID: 0}
--- !u!1 &526358822316677538 stripped
GameObject:
  m_CorrespondingSourceObject: {fileID: 5216729128493051157, guid: 21670da266ebd8948906e3f8b5144d63,
    type: 3}
  m_PrefabInstance: {fileID: 5704806252317963447}
  m_PrefabAsset: {fileID: 0}
--- !u!1001 &8414260245188427138
PrefabInstance:
  m_ObjectHideFlags: 0
  serializedVersion: 2
  m_Modification:
    m_TransformParent: {fileID: 8964246049420751235}
    m_Modifications:
    - target: {fileID: -4216859302048453862, guid: 21670da266ebd8948906e3f8b5144d63,
        type: 3}
      propertyPath: m_LocalPosition.x
      value: -20.86
      objectReference: {fileID: 0}
    - target: {fileID: -4216859302048453862, guid: 21670da266ebd8948906e3f8b5144d63,
        type: 3}
      propertyPath: m_LocalPosition.y
      value: -0.37919
      objectReference: {fileID: 0}
    - target: {fileID: -4216859302048453862, guid: 21670da266ebd8948906e3f8b5144d63,
        type: 3}
      propertyPath: m_LocalPosition.z
      value: 43.531
      objectReference: {fileID: 0}
    - target: {fileID: -4216859302048453862, guid: 21670da266ebd8948906e3f8b5144d63,
        type: 3}
      propertyPath: m_LocalRotation.x
      value: -0
      objectReference: {fileID: 0}
    - target: {fileID: -4216859302048453862, guid: 21670da266ebd8948906e3f8b5144d63,
        type: 3}
      propertyPath: m_LocalRotation.y
      value: -1
      objectReference: {fileID: 0}
    - target: {fileID: -4216859302048453862, guid: 21670da266ebd8948906e3f8b5144d63,
        type: 3}
      propertyPath: m_LocalRotation.z
      value: -0
      objectReference: {fileID: 0}
    - target: {fileID: -4216859302048453862, guid: 21670da266ebd8948906e3f8b5144d63,
        type: 3}
      propertyPath: m_LocalRotation.w
      value: 0.0000006258487
      objectReference: {fileID: 0}
    - target: {fileID: -4216859302048453862, guid: 21670da266ebd8948906e3f8b5144d63,
        type: 3}
      propertyPath: m_RootOrder
      value: 1
      objectReference: {fileID: 0}
    - target: {fileID: -4216859302048453862, guid: 21670da266ebd8948906e3f8b5144d63,
        type: 3}
      propertyPath: m_LocalEulerAnglesHint.x
      value: 0
      objectReference: {fileID: 0}
    - target: {fileID: -4216859302048453862, guid: 21670da266ebd8948906e3f8b5144d63,
        type: 3}
      propertyPath: m_LocalEulerAnglesHint.y
      value: -180.00002
      objectReference: {fileID: 0}
    - target: {fileID: -4216859302048453862, guid: 21670da266ebd8948906e3f8b5144d63,
        type: 3}
      propertyPath: m_LocalEulerAnglesHint.z
      value: 0
      objectReference: {fileID: 0}
    - target: {fileID: -927199367670048503, guid: 21670da266ebd8948906e3f8b5144d63,
        type: 3}
      propertyPath: m_Name
      value: BlinkBridge1B
      objectReference: {fileID: 0}
    - target: {fileID: -927199367670048503, guid: 21670da266ebd8948906e3f8b5144d63,
        type: 3}
      propertyPath: m_StaticEditorFlags
      value: 4294967295
      objectReference: {fileID: 0}
    - target: {fileID: -927199367670048503, guid: 21670da266ebd8948906e3f8b5144d63,
        type: 3}
      propertyPath: m_Layer
      value: 9
      objectReference: {fileID: 0}
    - target: {fileID: 5216729128493051157, guid: 21670da266ebd8948906e3f8b5144d63,
        type: 3}
      propertyPath: m_StaticEditorFlags
      value: 4294967295
      objectReference: {fileID: 0}
    - target: {fileID: 5216729128493051157, guid: 21670da266ebd8948906e3f8b5144d63,
        type: 3}
      propertyPath: m_Layer
      value: 9
      objectReference: {fileID: 0}
    - target: {fileID: 7627637263819453308, guid: 21670da266ebd8948906e3f8b5144d63,
        type: 3}
      propertyPath: m_Materials.Array.data[0]
      value: 
      objectReference: {fileID: 2100000, guid: 540cf925bde71c94b8a331eac3ed5775, type: 2}
    m_RemovedComponents: []
  m_SourcePrefab: {fileID: 100100000, guid: 21670da266ebd8948906e3f8b5144d63, type: 3}
--- !u!4 &3584796937233897112 stripped
Transform:
  m_CorrespondingSourceObject: {fileID: -4216859302048453862, guid: 21670da266ebd8948906e3f8b5144d63,
    type: 3}
  m_PrefabInstance: {fileID: 8414260245188427138}
  m_PrefabAsset: {fileID: 0}
--- !u!1 &4368771584574836887 stripped
GameObject:
  m_CorrespondingSourceObject: {fileID: 5216729128493051157, guid: 21670da266ebd8948906e3f8b5144d63,
    type: 3}
  m_PrefabInstance: {fileID: 8414260245188427138}
  m_PrefabAsset: {fileID: 0}
